 Dungeon Crawl Stone Soup version 0.25-a0-410-g53dbb631d1 (webtiles) character file.

Game seed: 14148684225356220545, levelgen mode: deterministic

4991 MummyMadness the Thaumaturge (level 10, -1/76 HPs)
             Began as a Gnoll Wanderer on Jan 13, 2020.
             Killed by divine providence
             ... invoked by an orc priest
              (11 damage)
             ... on level 8 of the Dungeon.
             The game lasted 00:52:17 (10843 turns).

MummyMadness the Thaumaturge (Gnoll Wanderer)      Turns: 10843, Time: 00:52:17

Health: -1/76      AC: 11    Str: 16    XL:     10   Next: 54%
Magic:  6/23       EV: 17    Int: 16    God:
Gold:   349        SH:  0    Dex: 15    Spells: 19/27 levels left

rFire    + + .     SeeInvis .   a - +0 dagger
rCold    . . .     Gourm    .   (no shield)
rNeg     . . .     Faith    .   e - +0 robe
rPois    .         Spirit   .   y - +2 helmet
rElec    .         Reflect  .   K - +1 cloak
rCorr    +         Harm     .   G - +2 pair of gloves
MR       +....                  (no boots)
Stlth    +++.......             z - amulet of magic regeneration
HPRegen  0.22/turn              F - ring of protection from fire
MPRegen  0.43/turn              R - ring of resist corrosion

@: berserk cooldown, slowed, very slow
A: distributed training, fangs 1, fire resistance 1, magic resistance 1, strong
nose
a: no special abilities


You were on level 8 of the Dungeon.
You were not hungry.

You visited 1 branch of the dungeon, and saw 8 of its levels.
You also visited: Sewer.

You collected 493 gold pieces.
You spent 144 gold pieces at shops.


Innate Abilities, Weirdness & Mutations

Your experience applies equally to all skills.
You have very sharp teeth.
Your uncanny sense of smell can sniff out nearby items.
Your flesh is heat resistant. (rF+)
You are resistant to hostile enchantments. (MR+)


   Skills:
 + Level 5.9 Fighting
 + Level 5.2 Short Blades
 + Level 5.2 Long Blades
 + Level 5.2 Axes
 + Level 5.2 Maces & Flails
 + Level 5.2 Polearms
 + Level 5.2 Staves
 + Level 5.2 Slings
 + Level 5.2 Bows
 + Level 5.2 Crossbows
 + Level 5.9 Throwing
 + Level 5.2 Armour
 + Level 7.1 Dodging
 + Level 5.8 Stealth
 + Level 5.9 Shields
 + Level 5.9 Unarmed Combat
 + Level 9.0 Spellcasting
 + Level 4.3 Conjurations
 + Level 4.3 Hexes
 + Level 4.3 Charms
 + Level 4.3 Summonings
 + Level 4.3 Necromancy
 + Level 4.3 Translocations
 + Level 4.3 Transmutations
 + Level 4.3 Fire Magic
 + Level 4.3 Ice Magic
 + Level 4.3 Air Magic
 + Level 4.3 Earth Magic
 + Level 4.3 Poison Magic
 + Level 5.8 Invocations
 + Level 5.2 Evocations


You had 19 spell levels left.
You knew the following spells:

 Your Spells              Type           Power        Failure   Level  Hunger
o - Shroud of Golubria    Chrm/Tloc      ###...       2%          2    None
w - Slow                  Hex            ###.....     2%          2    None
z - Ensorcelled Hibernat  Hex/Ice        ###...       2%          2    None
I - Blink                 Tloc           N/A          2%          2    None

Your spell library contained the following spells:

 Spells                   Type           Power        Failure   Level  Hunger


Inventory:

Hand Weapons
 a - a +0 dagger (weapon)
 b - the +1 fustibalus "Ryeth" {velocity, *Corrode Dex+6}
   (You found it on level 4 of the Dungeon)

   Any stone fired from it inflicts extra damage.
   It affects your dexterity (+6).
   It may corrode you when you take damage.
 c - a +0 hand axe
 l - a +0 rapier
 p - a +2 quarterstaff of chaos
 v - a +0 bardiche
Missiles
 i - 65 sling bullets
 m - 106 bolts
 o - 118 stones (quivered)
 r - 162 arrows
Armour
 e - a +0 robe (worn)
 y - a +2 helmet (worn)
 G - a +2 pair of gloves (worn)
 K - a +1 cloak (worn)
 L - a scarf of spirit shield
 N - a +0 large shield
Jewellery
 z - an amulet of magic regeneration (around neck)
 F - a ring of protection from fire (left hand)
 R - a ring of resist corrosion (right hand)
Wands
 H - a wand of iceblast (5)
Scrolls
 f - 8 scrolls of remove curse {@r2}
 j - a scroll of summoning
 n - 5 scrolls of teleportation {@r4}
 B - a scroll of fear
 D - a scroll of amnesia
 E - a scroll of identify {@r1}
 I - a scroll of blinking
Potions
 d - 2 potions of lignification {!q}
 h - 5 potions of flight
 q - 3 potions of brilliance
 s - a potion of degeneration {!q}
 t - a potion of curing {@q1}
 u - a potion of mutation {!q}
 w - a potion of agility
 A - 3 potions of might
 C - 2 potions of magic
Comestibles
 g - 9 rations
 x - 3 chunks of flesh

Dungeon Overview and Level Annotations

Branches:
Dungeon (8/15)             Temple (0/1) D:5           Sewer (visited)
   Lair: D:8-11

Altars:
Elyvilon
Hepliaklqana
Kikubaaqudgha
Ru
Sif Muna
Wu Jian
Zin

Shops:
D:6 [

Annotations:
D:2 exclusion: bullfrog
D:3 1 runed translucent door, endorz's ghost, amateur GnWn
D:8 Erica

#.......# #..<....#
#.((...## ######
##.##.#.# ∆+.KYY%
......#.# ∆ #..YY.
.##.#....# ##+++# ..
#.#.>..# # ≈P. ∆ #
#.#..#.#####..(#P≈≈.
#......@oG((((##≈≈P.∆
∆
####.########(##P≈..
#. #PP≈. . ##### #. #


You could see an eye of draining and an orc priest.


Message History

The wraith hits you.
* * * LOW HITPOINT WARNING * * *
You barely miss the wraith.
The wraith is almost destroyed.
The orc priest calls down the wrath of Beogh upon you.
Beogh smites you!
* * * LOW HITPOINT WARNING * * *
You barely miss the wraith. You punch the wraith.
You destroy the wraith!
The eye of draining gazes at you.
You feel your power leaking away.
You barely miss the orc priest. You puncture the orc priest!
The orc priest is heavily wounded.
The orc priest hits you but does no damage.
You hit the orc priest. Your bite misses the orc priest.
The orc priest is severely wounded.
You are no longer berserk.
You are exhausted.
You feel as though you will be slow longer.
The orc priest calls down the wrath of Beogh upon you.
You easily resist.
The eye of draining gazes at you.
You feel your power leaking away.
Evoke which item? (* to show all) (? for menu, Esc to quit)
Okay, then.
You feel better.
The orc priest mumbles some strange prayers to Beogh against you.
Beogh smites you!
You die...

Skill      XL: |  1  2  3  4  5  6  7  8  9 10 |
---------------+-------------------------------+-----
Invocations    | 1 2 3 4 5 |  5.8
Short Blades   | 1 2 3 4 5 |  5.2
Long Blades    | 1 2 3 4 5 |  5.2
Axes           | 1 2 3 4 5 |  5.2
Maces & Flails | 1 2 3 4 5 |  5.2
Polearms       | 1 2 3 4 5 |  5.2
Staves         | 1 2 3 4 5 |  5.2
Slings         | 1 2 3 4 5 |  5.2
Bows           | 1 2 3 4 5 |  5.2
Crossbows      | 1 2 3 4 5 |  5.2
Armour         | 1 2 3 4 5 |  5.2
Evocations     | 1 2 3 4 5 |  5.2
Conjurations   | 1 2 3 4 |  4.3
Hexes          | 1 2 3 4 |  4.3
Charms         | 1 2 3 4 |  4.3
Summonings     | 1 2 3 4 |  4.3
Necromancy     | 1 2 3 4 |  4.3
Translocations | 1 2 3 4 |  4.3
Transmutations | 1 2 3 4 |  4.3
Fire Magic     | 1 2 3 4 |  4.3
Ice Magic      | 1 2 3 4 |  4.3
Air Magic      | 1 2 3 4 |  4.3
Earth Magic    | 1 2 3 4 |  4.3
Poison Magic   | 1 2 3 4 |  4.3
Fighting       | 3 4 5 |  5.9
Throwing       | 3 4 5 |  5.9
Shields        | 3 4 5 |  5.9
Unarmed Combat | 3 4 5 |  5.9
Stealth        | 3 4 5 |  5.8
Dodging        | 5 6 7 |  7.1
Spellcasting   | 8 9 |  9.0

Action                   |  1- 3 |  4- 6 |  7- 9 | 10-12 || total
-------------------------+-------+-------+-------+-------++-------
Melee: Dagger            |   146 |   208 |    49 |    25 ||   428
       Bite              |    13 |    31 |     6 |     1 ||    51
       Punch             |     1 |     1 |     1 |     2 ||     5
       Hand axe          |       |    24 |       |       ||    24
       Rapier            |       |    12 |       |       ||    12
       Unarmed           |       |       |     4 |       ||     4
 Fire: Hunting sling     |       |    61 |    44 |       ||   105
       Fustibalus        |       |       |   231 |    61 ||   292
Throw: Stone             |    18 |    30 |    12 |       ||    60
 Cast: Ensorcelled Hiber |    14 |    40 |    27 |    24 ||   105
       Shroud of Golubri |     7 |     3 |     2 |       ||    12
       Blink             |     1 |       |       |       ||     1
       Slow              |       |    13 |    16 |     8 ||    37
  Use: Potion            |     1 |     1 |     1 |     4 ||     7
       Scroll            |       |     5 |    13 |     8 ||    26
 Stab: Sleeping          |    18 |    22 |    10 |    12 ||    62
  Eat: Chunk             |     3 |    10 |    12 |     1 ||    26
       Ration            |       |       |     1 |     1 ||     2
Armor: Robe              |    26 |    17 |    25 |    12 ||    80
       Skin              |       |       |     2 |       ||     2
Dodge: Dodged            |    97 |   184 |    98 |    65 ||   444

Levels and vault maps discovered:
D:1:      dpeg_arrival_ternary, layout_loops_ring
D:2:      layout_rooms, zin_angel, kennysheep_generic_room_3
D:3:      kennysheep_goblin_castle, layout_basic, ebering_ghost_reflecting_pool,
          minmay_quadrilaterals
D:4:      layout_gridville, first_ration, ebering_ghost_disaster_area
D:5:      layout_layer_cave, kennysheep_little_box, temple_statues,
          portal_sewer_entry_e, minivault_26, uniq_sigmund
D:6:      layout_rooms, gammafunk_temple_overflow_elements, kennysheep_mini,
          basic_altar, serial_shops, shop, uniq_pikel, uniq_crazy_yiuf_cottage,
          uniq_menkaure
D:7:      layout_basic, basic_altar, uniq_joseph
D:8:      layout_loops_cross, grunt_lair_entry_orc_guard_hut,
          lightli_ossuary_entry_decrepit_ruins, hangedman_ranch
          [blue_anna_fruit_fields], minmay_fractal_squares_5, uniq_erica

Notes
Turn   | Place    | Note
-------+----------+-------------------------------------------
     0 | D:1      | MummyMadness the Gnoll Wanderer began the quest for the
                  | Orb.
     0 | D:1      | MummyMadness set off with the following items: a +0 dagger,
                  | a scroll of fear, a +0 robe, a potion of haste {@q3}, a
                  | ration; and the following spells available to memorise:
                  | Blink, Ensorcelled Hibernation, Shroud of Golubria, Slow
     0 | D:1      | Reached XP level 1. HP: 17/17 MP: 8/8
   227 | D:1      | Reached XP level 2. HP: 19/23 MP: 10/10
   231 | D:1      | Learned a level 2 spell: Blink
   234 | D:1      | Learned a level 2 spell: Ensorcelled Hibernation
   237 | D:1      | Learned a level 2 spell: Shroud of Golubria
   240 | D:1      | Learned a level 2 spell: Slow
   474 | D:1      | Reached XP level 3. HP: 6/28 MP: 1/11
  1306 | D:2      | Reached skill level 1 in Invocations
  1439 | D:2      | Noticed an angel
  1440 | D:2      | Found a glowing silver altar of Zin.
  1616 | D:2      | Noticed a bullfrog
  1722 | D:2      | Reached skill level 1 in Short Blades
  1722 | D:2      | Reached skill level 1 in Long Blades
  1722 | D:2      | Reached skill level 1 in Axes
  1722 | D:2      | Reached skill level 1 in Maces & Flails
  1722 | D:2      | Reached skill level 1 in Polearms
  1722 | D:2      | Reached skill level 1 in Staves
  1722 | D:2      | Reached skill level 1 in Slings
  1722 | D:2      | Reached skill level 1 in Bows
  1722 | D:2      | Reached skill level 1 in Crossbows
  1722 | D:2      | Reached skill level 1 in Armour
  1722 | D:2      | Reached skill level 1 in Evocations
  1722 | D:2      | Reached XP level 4. HP: 34/34 MP: 1/13
  1958 | D:2      | Killed a bullfrog
  1958 | D:2      | Reached skill level 1 in Conjurations
  1958 | D:2      | Reached skill level 1 in Hexes
  1958 | D:2      | Reached skill level 1 in Charms
  1958 | D:2      | Reached skill level 1 in Summonings
  1958 | D:2      | Reached skill level 1 in Necromancy
  1958 | D:2      | Reached skill level 1 in Translocations
  1958 | D:2      | Reached skill level 1 in Transmutations
  1958 | D:2      | Reached skill level 1 in Fire Magic
  1958 | D:2      | Reached skill level 1 in Ice Magic
  1958 | D:2      | Reached skill level 1 in Air Magic
  1958 | D:2      | Reached skill level 1 in Earth Magic
  1958 | D:2      | Reached skill level 1 in Poison Magic
  1958 | D:2      | Reached XP level 5. HP: 35/40 MP: 6/14
  2291 | D:3      | Found a runed translucent door.
  2296 | D:3      | Noticed endorz's ghost (amateur GnWn)
  2503 | D:3      | Reached skill level 3 in Fighting
  2503 | D:3      | Reached skill level 3 in Throwing
  2503 | D:3      | Reached skill level 3 in Shields
  2503 | D:3      | Reached skill level 3 in Unarmed Combat
  3179 | D:3      | Noticed Robin
  3383 | D:3      | Killed Robin
  3383 | D:3      | Reached XP level 6. HP: 35/47 MP: 2/16
  3631 | D:3      | Reached skill level 2 in Invocations
  3672 | D:3      | Reached skill level 3 in Stealth
  4217 | D:3      | Reached skill level 2 in Short Blades
  4217 | D:3      | Reached skill level 2 in Long Blades
  4217 | D:3      | Reached skill level 2 in Axes
  4217 | D:3      | Reached skill level 2 in Maces & Flails
  4217 | D:3      | Reached skill level 2 in Polearms
  4217 | D:3      | Reached skill level 2 in Staves
  4217 | D:3      | Reached skill level 2 in Slings
  4217 | D:3      | Reached skill level 2 in Bows
  4217 | D:3      | Reached skill level 2 in Crossbows
  4217 | D:3      | Reached skill level 2 in Armour
  4217 | D:3      | Reached skill level 5 in Dodging
  4217 | D:3      | Reached skill level 2 in Evocations
  4487 | D:4      | Noticed a phantom
  4972 | D:3      | Reached XP level 7. HP: 28/52 MP: 16/18
  5201 | D:3      | Reached skill level 2 in Conjurations
  5201 | D:3      | Reached skill level 2 in Hexes
  5201 | D:3      | Reached skill level 2 in Charms
  5201 | D:3      | Reached skill level 2 in Summonings
  5201 | D:3      | Reached skill level 2 in Necromancy
  5201 | D:3      | Reached skill level 2 in Translocations
  5201 | D:3      | Reached skill level 2 in Transmutations
  5201 | D:3      | Reached skill level 2 in Fire Magic
  5201 | D:3      | Reached skill level 2 in Ice Magic
  5201 | D:3      | Reached skill level 2 in Air Magic
  5201 | D:3      | Reached skill level 2 in Earth Magic
  5201 | D:3      | Reached skill level 2 in Poison Magic
  5828 | D:4      | Found a large runed translucent door.
  5828 | D:4      | Found a large runed translucent door.
  5829 | D:4      | Noticed MordorOrchid's ghost (amateur OpEE)
  6532 | D:4      | Killed MordorOrchid's ghost
  6532 | D:4      | Reached skill level 3 in Invocations
  6532 | D:4      | Reached XP level 8. HP: 60/60 MP: 19/19
  6700 | D:4      | Got an iridescent fustibalus
  6712 | D:4      | Identified the +1 fustibalus "Ryeth" {velocity, *Corrode
                  | Dex+6} (You found it on level 4 of the Dungeon)
  6747 | D:5      | Entered Level 5 of the Dungeon
  6747 | D:5      | Noticed Sigmund
  6950 | D:5      | Killed Sigmund
  6950 | D:5      | Reached skill level 4 in Fighting
  6950 | D:5      | Reached skill level 3 in Short Blades
  6950 | D:5      | Reached skill level 3 in Long Blades
  6950 | D:5      | Reached skill level 3 in Axes
  6950 | D:5      | Reached skill level 3 in Maces & Flails
  6950 | D:5      | Reached skill level 3 in Polearms
  6950 | D:5      | Reached skill level 3 in Staves
  6950 | D:5      | Reached skill level 3 in Slings
  6950 | D:5      | Reached skill level 3 in Bows
  6950 | D:5      | Reached skill level 3 in Crossbows
  6950 | D:5      | Reached skill level 4 in Throwing
  6950 | D:5      | Reached skill level 3 in Armour
  6950 | D:5      | Reached skill level 4 in Stealth
  6950 | D:5      | Reached skill level 4 in Shields
  6950 | D:5      | Reached skill level 4 in Unarmed Combat
  6950 | D:5      | Reached skill level 3 in Evocations
  7046 | D:5      | Found an ornate altar of the Wu Jian Council.
  7280 | D:5      | Reached skill level 8 in Spellcasting
  7295 | D:5      | Found a glowing drain.
  7300 | Sewer    | Entered a sewer
  8357 | D:5      | Found a staircase to the Ecumenical Temple.
  8576 | D:6      | Noticed Menkaure
  8579 | D:6      | Killed Menkaure
  8579 | D:6      | Reached skill level 3 in Conjurations
  8579 | D:6      | Reached skill level 3 in Hexes
  8579 | D:6      | Reached skill level 3 in Charms
  8579 | D:6      | Reached skill level 3 in Summonings
  8579 | D:6      | Reached skill level 3 in Necromancy
  8579 | D:6      | Reached skill level 3 in Translocations
  8579 | D:6      | Reached skill level 3 in Transmutations
  8579 | D:6      | Reached skill level 3 in Fire Magic
  8579 | D:6      | Reached skill level 3 in Ice Magic
  8579 | D:6      | Reached skill level 3 in Air Magic
  8579 | D:6      | Reached skill level 3 in Earth Magic
  8579 | D:6      | Reached skill level 3 in Poison Magic
  8579 | D:6      | Reached skill level 4 in Invocations
  8579 | D:6      | Reached XP level 9. HP: 66/66 MP: 18/21
  8584 | D:6      | Noticed Pikel
  8595 | D:6      | Killed Pikel
  8595 | D:6      | Reached skill level 4 in Short Blades
  8595 | D:6      | Reached skill level 4 in Long Blades
  8595 | D:6      | Reached skill level 4 in Axes
  8595 | D:6      | Reached skill level 4 in Maces & Flails
  8595 | D:6      | Reached skill level 4 in Polearms
  8595 | D:6      | Reached skill level 4 in Staves
  8595 | D:6      | Reached skill level 4 in Slings
  8595 | D:6      | Reached skill level 4 in Bows
  8595 | D:6      | Reached skill level 4 in Crossbows
  8595 | D:6      | Reached skill level 4 in Armour
  8595 | D:6      | Reached skill level 6 in Dodging
  8595 | D:6      | Reached skill level 4 in Evocations
  8851 | D:6      | Found a white marble altar of Elyvilon.
  8851 | D:6      | Found an ancient bone altar of Kikubaaqudgha.
  8907 | D:6      | Found a runed translucent door.
  8908 | D:6      | Noticed Crazy Yiuf
  9013 | D:6      | Found a hazy altar of Hepliaklqana.
  9035 | D:6      | Reached skill level 5 in Fighting
  9035 | D:6      | Reached skill level 5 in Throwing
  9035 | D:6      | Reached skill level 5 in Shields
  9035 | D:6      | Reached skill level 5 in Unarmed Combat
  9055 | D:6      | Found a shimmering blue altar of Sif Muna.
  9132 | D:6      | Found Pylygah's Antique Armour Emporium.
  9147 | D:6      | Bought a cloak for 144 gold pieces
  9246 | D:6      | Killed Crazy Yiuf
  9356 | D:7      | Noticed Joseph
  9380 | D:7      | Killed Joseph
  9380 | D:7      | Reached skill level 5 in Stealth
  9579 | D:7      | Found a sacrificial altar of Ru.
  9606 | D:7      | Reached skill level 5 in Invocations
  9961 | D:7      | Reached XP level 10. HP: 74/74 MP: 22/22
 10171 | D:7      | Gained mutation: Your flesh is heat resistant. (rF+)
                  | [potion of mutation]
 10171 | D:7      | Gained mutation: You are resistant to hostile enchantments.
                  | (MR+) [potion of mutation]
 10269 | D:8      | Reached skill level 4 in Conjurations
 10269 | D:8      | Reached skill level 4 in Hexes
 10269 | D:8      | Reached skill level 4 in Charms
 10269 | D:8      | Reached skill level 4 in Summonings
 10269 | D:8      | Reached skill level 4 in Necromancy
 10269 | D:8      | Reached skill level 4 in Translocations
 10269 | D:8      | Reached skill level 4 in Transmutations
 10269 | D:8      | Reached skill level 4 in Fire Magic
 10269 | D:8      | Reached skill level 4 in Ice Magic
 10269 | D:8      | Reached skill level 4 in Air Magic
 10269 | D:8      | Reached skill level 4 in Earth Magic
 10269 | D:8      | Reached skill level 4 in Poison Magic
 10292 | D:8      | Reached skill level 5 in Short Blades
 10292 | D:8      | Reached skill level 5 in Long Blades
 10292 | D:8      | Reached skill level 5 in Axes
 10292 | D:8      | Reached skill level 5 in Maces & Flails
 10292 | D:8      | Reached skill level 5 in Polearms
 10292 | D:8      | Reached skill level 5 in Staves
 10292 | D:8      | Reached skill level 5 in Slings
 10292 | D:8      | Reached skill level 5 in Bows
 10292 | D:8      | Reached skill level 5 in Crossbows
 10292 | D:8      | Reached skill level 5 in Armour
 10292 | D:8      | Reached skill level 5 in Evocations
 10404 | D:8      | Noticed Erica
 10602 | D:7      | Reached skill level 7 in Dodging
 10814 | D:8      | Reached skill level 9 in Spellcasting
 10838 | D:8      | HP: 3/114 [orc priest/divine providence (16)]
 10843 | D:8      | Killed from afar by an orc priest

Vanquished Creatures
  Pikel (D:6)
  Joseph (D:7)
  The ghost of MordorOrchid the Sneak, an amateur OpEE of Sif Muna (D:4)
  A hippogriff (D:7)
  Sigmund (D:5)
  A wyvern (D:8)
  5 yaks
  A wraith (D:8)
  Menkaure (D:6)
  A porcupine (D:8)
  A sky beast (D:7)
  A slave (D:6)
  2 phantoms
  An orc warrior (D:8)
  A black bear (D:7)
  A necrophage (D:6)
  3 ogres
  3 centaurs
  2 bullfrogs
  A water moccasin skeleton (D:7)
  2 scorpions
  3 crimson imps
  A bullfrog zombie (D:7)
  A bullfrog skeleton (D:6)
  2 hounds
  2 jellies
  5 orc priests
  Crazy Yiuf (D:6)
  4 orc wizards
  2 iguanas
  A merfolk siren (Sewer)
  A merfolk avatar (Sewer)
  6 worker ants
  A hound skeleton (D:8)
  Robin (D:3)
  8 adders
  A river rat (Sewer)
  A shadow imp (D:6)
  4 worms
  A dart slug (D:1)
  4 leopard geckos
  25 orcs
  3 ball pythons
  9 giant cockroaches
  19 goblins
  13 hobgoblins
  10 jackals
  5 quokkas
  13 bats
  12 frilled lizards
  A jackal skeleton (D:5)
  4 kobolds
  2 quokka skeletons
  33 rats
231 creatures vanquished.

Vanquished Creatures (others)
  A bullfrog (D:6)
  18 fungi (D:8)
  7 plants (D:8)
26 creatures vanquished.

Grand Total: 257 creatures vanquished
